 Dungeon Crawl Stone Soup version 0.29-a0-555-g3b24f45cc1 (webtiles) character file.

Game seed: 3662281787445652589

497 vulpzor the Martial Artist (level 7, 0/56 HPs)
             Began as a Gnoll Wanderer on June 7, 2022.
             Was an Initiate of Gozag.
             Killed from afar by Pikel (1 damage)
             ... with a puff of flame
             ... on level 4 of the Dungeon.
             The game lasted 00:22:25 (4972 turns).

vulpzor the Martial Artist (Gnoll Wanderer)         Turns: 4972, Time: 00:22:25

Health: 0/56       AC:  5    Str:  8    XL:     7   Next: 16%
Magic:  12/12      EV: 13    Int:  9    God:    Gozag
Gold:   167        SH:  0    Dex: 19    Spells: 2/13 levels left

rFire   . . .      SeeInvis .     - Unarmed
rCold   . . .      Faith    .   (no shield)
rNeg    + . .      Spirit   .   y - +2 robe {rN+}
rPois   .          Reflect  .   (no helmet)
rElec   .          Harm     .   (no cloak)
rCorr   .          Rampage  .   (no gloves)
Will    .....                   d - +0 pair of boots
Stlth   +++.......              (no amulet)
HPRegen 0.18/turn               (no ring)
MPRegen 0.13/turn               (no ring)

@: no status effects
A: fangs 1, strong nose, distributed training
a: Renounce Religion, Potion Petition, Call Merchant, Bribe Branch


You were on level 4 of the Dungeon.
You worshipped Gozag.
Gozag was aware of your devotion.
You visited 1 branch of the dungeon, and saw 4 of its levels.

You collected 220 gold pieces.
You paid 53 gold pieces to Gozag.

Inventory:

Hand Weapons
 a - a +0 dagger
 m - a +0 long sword of electrocution
Missiles
 i - 149 stones (quivered)
 o - a throwing net
 p - 8 poisoned darts
Armour
 d - a +0 pair of boots (worn)
 f - a +0 robe
 l - a +0 leather armour
 w - a +0 buckler
 y - a +2 robe of positive energy (worn)
Jewellery
 n - a ring of see invisible
Wands
 t - a wand of iceblast (7)
 x - a wand of digging (5)
Scrolls
 b - a scroll of fear
 c - a scroll of silence
 k - 2 scrolls of magic mapping
 s - a scroll of vulnerability {unknown}
 u - a scroll of identify
 v - a scroll of blinking {unknown}
 z - a scroll of poison {unknown}
Potions
 e - 2 potions of attraction
 g - a potion of heal wounds
 h - a potion of might {unknown}
 j - 2 potions of curing
 q - 2 potions of flight {unknown}
 r - a potion of brilliance {unknown}


   Skills:
 + Level 5.1 Fighting
 + Level 2.3 Short Blades
 + Level 2.3 Long Blades
 + Level 2.3 Axes
 + Level 2.3 Maces & Flails
 + Level 2.3 Polearms
 + Level 2.3 Staves
 + Level 2.3 Slings
 + Level 2.3 Bows
 + Level 2.3 Crossbows
 + Level 2.3 Throwing
 + Level 3.5 Armour
 + Level 2.3 Dodging
 + Level 4.8 Stealth
 + Level 2.3 Shields
 + Level 8.8 Unarmed Combat
 + Level 3.6 Spellcasting
 + Level 1.8 Conjurations
 + Level 1.8 Hexes
 + Level 1.8 Summonings
 + Level 1.8 Necromancy
 + Level 1.8 Translocations
 + Level 1.8 Transmutations
 + Level 1.8 Fire Magic
 + Level 1.8 Ice Magic
 + Level 1.8 Air Magic
 + Level 1.8 Earth Magic
 + Level 1.8 Poison Magic
 + Level 2.5 Invocations
 + Level 2.3 Evocations


You had 2 spell levels left.
You knew the following spells:

 Your Spells              Type           Power      Damage    Failure   Level
a - Blade Hands           Tmut           2%         N/A       98%         5
b - Portal Projectile     Hex/Tloc       10%        N/A       36%         3
c - Tukima's Dance        Hex            5%         N/A       36%         3

Your spell library contained the following spells:

 Spells                   Type           Power      Damage    Failure   Level
 Inner Flame              Hex/Fire       5%         N/A       36%         3
 Cause Fear               Hex            2%         N/A       78%         4
 Discord                  Hex            2%         N/A       100%        8


Dungeon Overview and Level Annotations

Branches:
Dungeon (4/15)
 Temple: D:4-7

Altars:
Dithmenos
Gozag
Xom

Shops:
D:2 [

Annotations:
D:4 Pikel


Innate Abilities, Weirdness & Mutations

You have very sharp teeth.
Your uncanny sense of smell can sniff out nearby items.
Your experience applies equally to all skills.


Message History

The orc hits you but does no damage.
You punch the orc!
You kill the orc!
You start resting.
Pikel is nearby!
Press: ? - help, v - describe, . - travel
Here: Pikel, wielding a +2 whip of electrocution, wearing a +0 robe and carrying a wand of flame (16) (wandering, hasn't noticed you)
The floor.
Pikel is nearby!
Press: ? - help, v - describe, . - travel The floor.
Pikel shouts!
Pikel waves his whip at you.
Okay, then.
Pikel zaps a wand.
The puff of flame hits you!
You hit Pikel. You bite Pikel, but do no damage.
Pikel is lightly wounded.
Pikel hits you with a +2 whip of electrocution.
You are electrocuted!
* * * LOW HITPOINT WARNING * * *
You punch Pikel!
Pikel is moderately wounded.
You barely miss Pikel. Your bite misses Pikel.
Pikel is moderately wounded.
Pikel zaps a wand.
The puff of flame hits you but does no damage.
You closely miss Pikel.
Pikel is moderately wounded.
Pikel zaps a wand.
The puff of flame hits you!
* * * LOW HITPOINT WARNING * * *
You hit Pikel. Your bite misses Pikel.
Pikel is moderately wounded.
Pikel hits you with a +2 whip of electrocution.
* * * LOW HITPOINT WARNING * * *
You hit Pikel. You bite Pikel, but do no damage.
Pikel is heavily wounded.
Pikel zaps a wand.
The puff of flame hits you.
You die...
Xom guffaws!
Your body crumbles into a pile of gold.

............. .....
.####............ ...§§
...#............ §§§§§
#...............# §.!.§
#.......:......# #...#
#.............>###....
####....#$..............
#.........#.[.##......####
#........@##...#.........#
#.........K.#....#...##...
#.......#................#
#...................#.....
#.......#...............).
#....[..#...........#.....
#######.....))...)........
#.P.......#.).......
#........)).........


You could see Pikel.

Vanquished Creatures
  4 lemures
  2 scorpions
  An orc priest (D:3)
  A gnoll shaman (D:4)
  7 adders
  6 gnolls (D:4)
  An ufetubus (D:4)
  A worm (D:3)
  A dart slug (D:3)
  7 orcs
  9 endoplasms
  A giant cockroach (D:2)
  6 hobgoblins
  2 quokkas
  9 ball pythons
  9 bats
  4 frilled lizards
  3 goblins
  8 kobolds
  5 rats
87 creatures vanquished.

Vanquished Creatures (collateral kills)
  A scorpion (D:4)
  An orc priest (D:3)
  A gnoll (D:4)
  5 orcs (D:3)
8 creatures vanquished.

Vanquished Creatures (others)
  28 fungi
  6 plants (D:2)
34 creatures vanquished.

Grand Total: 129 creatures vanquished

Notes
Turn   | Place    | Note
-------+----------+-------------------------------------------
     0 | D:1      | vulpzor the Gnoll Wanderer began the quest for the Orb.
     0 | D:1      | vulpzor set off with the following items: a +0 dagger, a
                  | scroll of fear, a scroll of silence, a +0 pair of boots, a
                  | potion of attraction, a +0 robe, a potion of heal wounds
     0 | D:1      | Reached XP level 1. HP: 20/20 MP: 4/4
   323 | D:1      | Reached XP level 2. HP: 25/26 MP: 5/5
  1333 | D:1      | Reached XP level 3. HP: 31/31 MP: 7/7
  1521 | D:2      | Reached skill level 1 in Invocations
  1669 | D:2      | Reached skill level 1 in Short Blades
  1669 | D:2      | Reached skill level 1 in Long Blades
  1669 | D:2      | Reached skill level 1 in Axes
  1669 | D:2      | Reached skill level 1 in Maces & Flails
  1669 | D:2      | Reached skill level 1 in Polearms
  1669 | D:2      | Reached skill level 1 in Staves
  1669 | D:2      | Reached skill level 1 in Slings
  1669 | D:2      | Reached skill level 1 in Bows
  1669 | D:2      | Reached skill level 1 in Crossbows
  1669 | D:2      | Reached skill level 1 in Throwing
  1669 | D:2      | Reached skill level 1 in Dodging
  1669 | D:2      | Reached skill level 1 in Shields
  1669 | D:2      | Reached skill level 1 in Evocations
  1896 | D:2      | Reached XP level 4. HP: 22/38 MP: 8/8
  2098 | D:2      | Found a faded altar of an unknown god.
  2102 | D:2      | Prayed at the altar of an unknown god.
  2102 | D:2      | Became a worshipper of Xom of Many Doors
  2213 | D:2      | Found Diohaicir's Antique Armour Emporium.
  2219 | D:2      | XOM: silly message
  2614 | D:3      | Reached skill level 1 in Conjurations
  2614 | D:3      | Reached skill level 1 in Hexes
  2614 | D:3      | Reached skill level 1 in Summonings
  2614 | D:3      | Reached skill level 1 in Necromancy
  2614 | D:3      | Reached skill level 1 in Translocations
  2614 | D:3      | Reached skill level 1 in Transmutations
  2614 | D:3      | Reached skill level 1 in Fire Magic
  2614 | D:3      | Reached skill level 1 in Ice Magic
  2614 | D:3      | Reached skill level 1 in Air Magic
  2614 | D:3      | Reached skill level 1 in Earth Magic
  2614 | D:3      | Reached skill level 1 in Poison Magic
  2645 | D:2      | Reached XP level 5. HP: 5/43 MP: 9/9
  2938 | D:3      | XOM: enchant monster (good)
  3084 | D:3      | XOM: smoke on damage
  3089 | D:3      | XOM: cast spell 'Monstrous Menagerie'
  3283 | D:3      | XOM: cast spell 'Cause Fear'
  3433 | D:3      | XOM: god gift: 25 stones
  3588 | D:4      | Reached XP level 6. HP: 36/50 MP: 9/11
  3618 | D:4      | Learned a level 5 spell: Blade Hands
  3622 | D:4      | Learned a level 3 spell: Portal Projectile
  3626 | D:4      | Learned a level 3 spell: Tukima's Dance
  3636 | D:4      | Found a shadowy altar of Dithmenos.
  3649 | D:4      | XOM: confuse monster(s)
  3650 | D:4      | Noticed Pikel
  4145 | D:4      | XOM: cast spell 'Call Canine Familiar'
  4152 | D:4      | Reached skill level 5 in Fighting
  4152 | D:4      | Found an opulent altar of Gozag.
  4173 | D:4      | Fell from the grace of Xom
  4173 | D:4      | Became a worshipper of Gozag Ym Sagoz the Greedy
  4444 | D:4      | Reached XP level 7. HP: 56/56 MP: 12/12
  4971 | D:4      | HP: 1/56 [Pikel/+2 whip of electrocution (5)]
  4972 | D:4      | Killed from afar by Pikel

Illustrated notes

Levels and vault maps discovered:
D:1:      ncdulo_watergridlock, layout_basic
D:2:      layout_loops_cross, shapermc_ecumenical_altar_mp_urbaneastern,
          serial_shops, shop, feat_on_display
D:3:      layout_rooms
D:4:      layout_rooms, mainiacjoe_overflow_cross_hatched,
          nicolae_dithmenos_the_darkroom, uniq_pikel

Skill      XL: |  1  2  3  4  5  6 |
---------------+-------------------+-----
Invocations    | 1 2 |  2.5
Short Blades   | 1 2 |  2.3
Long Blades    | 1 2 |  2.3
Axes           | 1 2 |  2.3
Maces & Flails | 1 2 |  2.3
Polearms       | 1 2 |  2.3
Staves         | 1 2 |  2.3
Slings         | 1 2 |  2.3
Bows           | 1 2 |  2.3
Crossbows      | 1 2 |  2.3
Throwing       | 1 2 |  2.3
Dodging        | 1 2 |  2.3
Shields        | 1 2 |  2.3
Evocations     | 1 2 |  2.3
Spellcasting   | 3 |  3.6
Conjurations   | 1 |  1.8
Hexes          | 1 |  1.8
Summonings     | 1 |  1.8
Necromancy     | 1 |  1.8
Translocations | 1 |  1.8
Transmutations | 1 |  1.8
Fire Magic     | 1 |  1.8
Ice Magic      | 1 |  1.8
Air Magic      | 1 |  1.8
Earth Magic    | 1 |  1.8
Poison Magic   | 1 |  1.8
Armour         | 3 |  3.5
Fighting       | 5 |  5.1
Stealth        | |  4.8
Unarmed Combat | |  8.8

Action                   |  1- 3 |  4- 6 |  7- 9 || total
-------------------------+-------+-------+-------++-------
Melee: Dagger            |    78 |       |       ||    78
       Bite              |    11 |    18 |    10 ||    39
       Punch             |     5 |    13 |     3 ||    21
       Unarmed           |    32 |   154 |    58 ||   244
  Use: Scroll            |     2 |     1 |       ||     3
       Potion            |       |       |     1 ||     1
 Stab: Sleeping          |     9 |     6 |       ||    15
Armor: Robe              |    15 |       |     2 ||    17
       Leather armour    |     5 |    53 |     4 ||    62
Dodge: Dodged            |    63 |    89 |    30 ||   182

Table legend: (Time is in decaauts)
 A = Elapsed time spent in this place.
 B = Non-inter-level travel time spent in this place.
 C = Inter-level travel time spent in this place.
 D = Time resting spent in this place.
 E = Time spent auto-exploring this place.
 F = Levels seen in this place.
 G = Mean time per level.
                   A        B        C        D        E       F      G
               +--------+--------+--------+--------+--------+-----+--------+
         Total |   4937 |   4937 |      0 |   2239 |    952 |   4 | 1234.2 |
       Dungeon |   4937 |   4937 |      0 |   2239 |    952 |   4 | 1234.2 |
               +--------+--------+--------+--------+--------+-----+--------+

Top non-repeatable levels by time:
     D:1: 1473 daAuts
     D:3: 1379 daAuts
     D:2: 1338 daAuts
     D:4: 746 daAuts
